 Dungeon Crawl Stone Soup version 0.20.1-1-g8b1a95d (webtiles) character file.

14654 Irenicus the Severer (level 11, -2/84 HPs)
             Began as a Deep Dwarf Necromancer on Nov 3, 2017.
             Was the Champion of Makhleb.
             Slain by a vampire mosquito (3 damage)
             ... on level 12 of the Dungeon.
             The game lasted 00:41:27 (8925 turns).

Irenicus the Severer (Deep Dwarf Necromancer)       Turns: 8925, Time: 00:41:28

Health: -2/84      AC: 10    Str: 19    XL:     11   Next: 91%
Magic:  4/25       EV: 21    Int: 25    God:    Makhleb [******]
Gold:   561        SH:  0    Dex: 21    Spells: 1/14 levels left

rFire    . . .     SeeInvis +   J - +2 war axe (flame)
rCold    + . .     Gourm    +   (no shield)
rNeg     . . .     Faith    .   Q - +0 ring mail of the Boiling Point {Int+4} (curse)
rPois    +         Spirit   .   j - +2 helmet
rElec    .         Reflect  .   (no cloak)
rCorr    .         Harm     .   (no gloves)
MR       ++...     Rnd*Rage +   l - +0 pair of boots Stlth +++.......Rnd*Tele +
                                E - amulet "Lips" {Gourm MP+9 SInv}
Regen    0.0/turn               D - +5 ring of intelligence
MPRegen  0.2/turn               S - ring of protection from cold

@: mighty, agile, flying, very slightly contaminated, non-regenerating
A: damage resistance, heal wounds, berserk 1, blurry vision 1, magic resistance
1, sense surroundings 2, poison resistance, strong 1, teleportitis 1, no
regeneration
a: Heal Wounds, Minor Destruction, Lesser Servant of Makhleb, Major Destruction,
Greater Servant of Makhleb, Renounce Religion


You were on level 12 of the Dungeon.
You worshipped Makhleb.
Makhleb was exalted by your worship.
You were full.

You visited 3 branches of the dungeon, and saw 14 of its levels.

You collected 769 gold pieces.
You spent 208 gold pieces at shops.

Inventory:

Hand Weapons
 q - a +0 hand axe
 H - the +4 trident "Leviticus" {freeze, SInv}
   (You found it on level 6 of the Dungeon)

   It has been specially enchanted to freeze those struck by it, causing extra
   injury to most foes and up to half again as much damage against particularly
   susceptible opponents.
   It can also slow down cold-blooded creatures.
   It lets you see invisible.
 J - a +2 war axe of flaming (weapon)
 L - a +3 war axe of chopping
 V - the +9 staff of Olgreb {rPois}
   (You found it on level 7 of the Dungeon)

   It protects you from poison.
Missiles
 f - 12 javelins (quivered)
Armour
 j - a +2 helmet (worn)
 l - a +0 pair of boots (worn)
 K - the -5 pair of boots of the Thirsty Dreams {+Fly rElec Regen+ Stlth-}
   (You found it on level 7 of the Dungeon)

   It insulates you from electricity.
   It lets you fly.
   It increases your rate of regeneration.
   It makes you less stealthy.
 Q - the cursed +0 ring mail of the Boiling Point (worn) {Int+4}
   (You found it on level 9 of the Dungeon)

   It affects your intelligence (+4).
   It has a curse placed upon it.
Jewellery
 h - an uncursed amulet of rage
 k - a +4 amulet of reflection
 B - an uncursed amulet of faith
 D - a +5 ring of intelligence (left hand)
 E - the amulet "Lips" (around neck) {Gourm MP+9 SInv}
   (You found it on level 5 of the Dungeon)

   [amulet of the gourmand]

   It allows you to eat raw meat even when not hungry.
   It affects your magic capacity (+9).
   It lets you see invisible.
 S - a ring of protection from cold (right hand)
Wands
 r - a wand of random effects (22/48)
 G - a wand of confusion (20/48)
 O - a wand of confusion (17/48)
 R - a wand of flame (24/48)
 T - a wand of random effects (31/48)
Scrolls
 a - 2 scrolls of magic mapping {unknown}
 d - 4 scrolls of enchant weapon {unknown}
 n - 8 scrolls of remove curse
 p - a scroll of enchant armour {unknown}
 t - 7 scrolls of teleportation
 u - 3 scrolls of immolation {unknown}
 w - a scroll of amnesia {unknown}
 y - 2 scrolls of noise {unknown}
 z - 2 scrolls of recharging {unknown}
 N - 3 scrolls of fog {unknown}
 U - a scroll of acquirement {unknown}
Potions
 e - 2 potions of agility
 g - 3 potions of flight
 i - a potion of heal wounds {unknown}
 m - a potion of mutation {unknown}
 o - 9 potions of curing {unknown}
 s - 2 potions of brilliance {unknown}
 x - a potion of haste {unknown}
 A - 2 potions of might
 I - a potion of invisibility {unknown}
 M - a potion of cancellation
 P - 2 potions of lignification
Books
 b - a book of Necromancy

   Spells                             Type                      Level
   a - Pain                           Necromancy                   1
   b - Animate Skeleton               Necromancy                   1
   c - Vampiric Draining              Necromancy                   3
   d - Regeneration                   Charms/Necromancy            3
   e - Animate Dead                   Necromancy                   4
   f - Control Undead                 Necromancy                   4
 v - a book of Maledictions

   Spells                             Type                      Level
   a - Corona                         Hexes                        1
   b - Ensorcelled Hibernation        Hexes/Ice                    2
   c - Confuse                        Hexes                        3
   d - Tukima's Dance                 Hexes                        3
   e - Dazzling Spray                 Conjuration/Hexes            3
Comestibles
 c - 12 bread rations
 C - 5 meat rations
 F - 5 royal jellies


   Skills:
 - Level 1.0 Fighting
 - Level 16.1 Axes
 - Level 4.0 Armour
 - Level 7.0 Dodging
 - Level 2.4 Stealth
 - Level 2.1 Spellcasting
 - Level 7.0 Necromancy
 + Level 9.2 Evocations


You had one spell level left.
You knew the following spells:

 Your Spells              Type           Power        Failure   Level  Hunger
a - Pain                  Necr           ####         1%          1    None
b - Animate Skeleton      Necr           N/A          1%          1    None
c - Control Undead        Necr           #####.....   11%         4    ####...
d - Animate Dead          Necr           N/A          11%         4    ####...
e - Vampiric Draining     Necr           #####.....   3%          3    ###....


Dungeon Overview and Level Annotations

Branches:
Dungeon (12/15)            Temple (1/1) D:7            Lair (0/6) D:8
    Orc (1/2) D:12

Altars:
Ashenzari
Cheibriados
Dithmenos
Elyvilon
Fedhas
Gozag
Hepliaklqana
Kikubaaqudgha
Makhleb
Nemelex Xobeh
Okawaru
Qazlal
Ru
Sif Muna
Trog
Uskayaw
Vehumet
Xom
Yredelemnul
Zin
The Shining One

Shops:
D:5 (   D:9 =


Innate Abilities, Weirdness & Mutations

You are resistant to damage.
You can heal yourself by infusing magical energy.
You passively map the area around you.
You do not regenerate.
You tend to lose your temper in combat.
Scrolls take you a little longer to read.
You are resistant to hostile enchantments. (MR+)
Your system is resistant to poisons. (rPois)
Your muscles are strong. (Str +2)
You are occasionally teleported next to monsters.


Message History

The vampire mosquito misses you.
The unseen horror hits you but does no damage.
You kill the unseen horror!
Makhleb accepts your kill.
Your Evocations skill increases to level 9!
The vampire mosquito bites you.
The vampire mosquito draws strength from your injuries!
The vampire mosquito closely misses you. x2
The vampire mosquito completely misses you.
You slice the vampire mosquito!! You burn the vampire mosquito.
You destroy the vampire mosquito!
Makhleb accepts your kill.
You slash the vampire mosquito! You burn the vampire mosquito.
You hit the vampire mosquito. You burn the vampire mosquito.
You hit the vampire mosquito but do no damage.
The vampire mosquito bites you.
* * * LOW HITPOINT WARNING * * *
The vampire mosquito draws strength from your injuries!
The vampire mosquito bites you.
You die...

.......# * , * ** *
.......# #.........
.......# #..........*
.......# #..........# ,
.......# #..........# ,
.......# #..........# *
.......# #..........# ,,*
.......# #..y.......# ,
.......# *#####.@y.......#
,
................yyZ.......
,
................D........#
* *
.#####..#######..........#
* .# ..# #....$.....# * .#
..# #..........# * . .#
#..........# , ,* ,*
#..........# , ,,
#..........# *,


You could see a six-headed hydra, 4 vampire mosquitoes and a centaur warrior
zombie.

Vanquished Creatures
  A centaur warrior (D:8)
  2 two-headed ogres
  2 unseen horrors (D:12)
  Psyche (D:8)
  A kobold demonologist (D:11)
  A komodo dragon (D:10)
  A troll (D:10)
  3 hippogriffs
  2 shadows (D:11)
  A spriggan (D:7)
  A vampire (D:10)
  2 wraiths (D:11)
  4 yaks (D:11)
  A hungry ghost (D:8)
  A vampire mosquito (D:12)
  6 soldier ants (D:7)
  2 water moccasins (D:7)
  A porcupine (D:8)
  3 sky beasts
  An ice beast (D:6)
  A black bear (D:8)
  6 orc warriors
  A necrophage (D:11)
  4 ogres
  3 phantoms
  13 centaurs
  5 big kobolds (D:11)
  7 bullfrogs
  A gnoll sergeant (D:9)
  A wyvern zombie (D:11)
  3 scorpions
  11 killer bees
  2 troll zombies (D:12)
  2 water moccasin skeletons
  3 wights (D:8)
  6 crimson imps
  6 hounds
  2 bullfrog zombies
  4 jellies
  5 orc priests
  10 orc wizards
  A quasit (D:8)
  2 bullfrog skeletons
  2 centaur zombies
  2 centaur skeletons
  2 iguanas
  13 worker ants
  5 ogre zombies (D:12)
  2 hound zombies
  A hound skeleton (D:11)
  2 worker ant zombies
  Robin (D:2)
  4 gnolls (D:9)
  A howler monkey skeleton (D:7)
  15 adders
  2 shadow imps
  A white imp (D:8)
  4 adder zombies
  3 adder skeletons
  6 worms
  3 dart slugs
  4 leopard geckos
  42 orcs
  10 giant cockroaches
  14 goblins
  9 hobgoblins
  10 jackals
  4 quokkas
  A ball python skeleton (D:4)
  8 bats
  2 frilled lizards
  2 giant cockroach zombies
  A goblin skeleton (D:12)
  6 goblin zombies (D:12)
  A hobgoblin zombie (D:12)
  21 kobolds
  3 leopard gecko skeletons
  4 orc skeletons (D:12)
  12 orc zombies (D:12)
  2 quokka skeletons (D:4)
  4 quokka zombies
  2 rats (D:1)
  A fungus (D:8)
368 creatures vanquished.

Vanquished Creatures (collateral kills)
  4 yaks (D:11)
  An ice beast (D:10)
  An orc warrior (D:7)
  A phantom (D:12)
  6 killer bees
  A centaur zombie (D:4)
  A jelly (D:5)
  A hound (D:10)
  An orc wizard (D:5)
  An ogre zombie (D:12)
  A worker ant zombie (D:7)
  A giant cockroach zombie (D:4)
  An orc skeleton (D:12)
21 creatures vanquished.

Vanquished Creatures (others)
  8 fungi
8 creatures vanquished.

Grand Total: 397 creatures vanquished

Notes
Turn   | Place    | Note
-------+----------+-------------------------------------------
     0 | D:1      | Irenicus the Deep Dwarf Necromancer began the quest for the Orb.
     0 | D:1      | Reached XP level 1. HP: 15/15 MP: 3/3
   198 | D:1      | Reached XP level 2. HP: 14/22 MP: 0/5
   204 | D:1      | Learned a level 1 spell: Animate Skeleton
   630 | D:1      | Reached skill level 5 in Necromancy
   790 | D:2      | Noticed Robin
   806 | D:2      | Reached XP level 3. HP: 17/30 MP: 0/6
   816 | D:1      | Reached skill level 1 in Fighting
   821 | D:1      | Learned a level 3 spell: Vampiric Draining
  1100 | D:2      | Killed Robin
  1100 | D:2      | Reached XP level 4. HP: 22/38 MP: 1/7
  1810 | D:3      | Reached XP level 5. HP: 37/44 MP: 2/8
  1819 | D:3      | Reached skill level 1 in Axes
  2001 | D:3      | Found a hide-covered altar of Uskayaw.
  2003 | D:3      | Found a burning altar of Makhleb.
  2011 | D:3      | Became a worshipper of Makhleb the Destroyer
  2282 | D:4      | Reached skill level 2 in Axes
  2329 | D:4      | Reached XP level 6. HP: 36/51 MP: 9/9
  2358 | D:4      | Reached skill level 3 in Axes
  2371 | D:4      | Learned a level 4 spell: Control Undead
  2449 | D:4      | Reached skill level 4 in Axes
  2614 | D:4      | Found a glowing silver altar of Zin.
  2648 | D:4      | Reached skill level 5 in Axes
  2690 | D:4      | Reached * piety under Makhleb
  2752 | D:4      | Reached XP level 7. HP: 49/57 MP: 0/10
  3020 | D:5      | Entered Level 5 of the Dungeon
  3037 | D:5      | Reached skill level 6 in Axes
  3142 | D:5      | Found Regak's Antique Weapon Emporium.
  3210 | D:5      | Reached skill level 7 in Axes
  3261 | D:5      | Got a warped emerald amulet
  3947 | D:6      | Reached ** piety under Makhleb
  3956 | D:6      | Got an ancient trident
  3957 | D:6      | Identified the +4 trident "Leviticus" {freeze, SInv} (You found it on level 6 of the Dungeon)
  3961 | D:6      | Reached skill level 8 in Axes
  4040 | D:6      | Identified the amulet "Lips" {Gourm MP+9 SInv} (You found it on level 5 of the Dungeon)
  4076 | D:6      | Found an iron altar of Okawaru.
  4097 | D:6      | Reached XP level 8. HP: 50/64 MP: 9/11
  4156 | D:6      | Reached skill level 9 in Axes
  4250 | D:6      | Found a shadowy altar of Dithmenos.
  4511 | D:6      | Reached skill level 10 in Axes
  4514 | D:6      | Gained mutation: You are dopey. (Int -2) [mutagenic meat]
  4515 | D:6      | Gained mutation: You tend to lose your temper in combat. [mutagenic meat]
  4516 | D:6      | Gained mutation: You have sharp toenails. [mutagenic meat]
  4517 | D:6      | Gained mutation: Your muscles are strong. (Str +2) [mutagenic meat]
  4518 | D:6      | Lost mutation: You are dopey. (Int -2) [mutagenic meat]
  4642 | D:6      | Found an iron altar of Okawaru.
  4665 | D:5      | Bought a glowing war axe for 208 gold pieces
  4814 | D:7      | Reached skill level 11 in Axes
  4815 | D:7      | Gained mutation: You passively map the area around you. [Deep Dwarf growth]
  4815 | D:7      | Reached XP level 9. HP: 70/70 MP: 12/12
  4830 | D:7      | Got a pair of heavily runed boots
  4841 | D:7      | Identified the cursed -5 pair of boots of the Thirsty Dreams {+Fly rElec Regen+ Stlth-} (You found it on level 7 of the Dungeon)
  4858 | D:7      | Found a runed gate.
  4858 | D:7      | Found a runed gate.
  4858 | D:7      | Found a runed gate.
  4868 | D:7      | Found a runed door.
  4895 | D:7      | Found a deep blue altar of Sif Muna.
  4903 | D:7      | HP: 1/70 [centaur/arrow (4)]
  5123 | D:7      | Found a staircase to the Ecumenical Temple.
  5132 | Temple   | Entered the Ecumenical Temple
  5310 | D:7      | Reached skill level 12 in Axes
  5366 | D:7      | Found a runed door.
  5407 | D:8      | Found an opulent altar of Gozag.
  5500 | D:8      | Reached *** piety under Makhleb
  5583 | D:8      | Reached skill level 13 in Axes
  5848 | D:8      | Noticed Psyche
  5936 | D:8      | Noticed a centaur warrior
  5951 | D:8      | Killed a centaur warrior
  5951 | D:8      | Reached skill level 14 in Axes
  5951 | D:8      | Reached XP level 10. HP: 56/78 MP: 3/12
  6048 | D:8      | Found a staircase to the Lair.
  6454 | D:8      | Killed Psyche
  6560 | D:7      | Reached skill level 15 in Axes
  6574 | D:7      | Reached **** piety under Makhleb
  6636 | D:7      | Learned a level 4 spell: Animate Dead
  6790 | D:9      | Found a hazy altar of Hepliaklqana.
  6946 | D:9      | Got a faintly humming ring mail
  6957 | D:9      | Identified the cursed +0 ring mail of the Boiling Point {Int+4} (You found it on level 9 of the Dungeon)
  6961 | D:9      | Found Xeucw's Jewellery Shop.
  7277 | D:9      | Reached skill level 1 in Evocations
  7283 | D:9      | Found a stormy altar of Qazlal.
  7347 | D:9      | Found a glowing golden altar of the Shining One.
  7383 | D:10     | Entered Level 10 of the Dungeon
  7384 | D:10     | Noticed a two-headed ogre
  7395 | D:10     | Killed a two-headed ogre
  7395 | D:10     | Reached skill level 16 in Axes
  7437 | D:10     | Reached skill level 1 in Armour
  7497 | D:10     | Reached XP level 11. HP: 84/84 MP: 9/13
  7619 | D:10     | Gained mutation: You are occasionally teleported next to monsters. [mutagenic meat]
  7620 | D:10     | Gained mutation: You are resistant to hostile enchantments. (MR+) [mutagenic meat]
  7621 | D:10     | Lost mutation: You have sharp toenails. [mutagenic meat]
  7622 | D:10     | Gained mutation: Scrolls take you a little longer to read. [mutagenic meat]
  7623 | D:10     | Gained mutation: Your system is resistant to poisons. (rPois) [mutagenic meat]
  7749 | D:10     | Reached ***** piety under Makhleb
  8160 | D:11     | Reached skill level 5 in Dodging
  8493 | D:11     | Reached skill level 5 in Evocations
  8688 | D:12     | Noticed an unseen horror
  8706 | D:12     | Killed an unseen horror
  8713 | D:12     | Found a staircase to the Orcish Mines.
  8779 | Orc:1    | Entered Level 1 of the Orcish Mines
  8790 | Orc:1    | Noticed a two-headed ogre
  8793 | Orc:1    | Noticed an orc knight
  8802 | Orc:1    | Killed a two-headed ogre
  8909 | D:12     | Noticed an unseen horror
  8913 | D:12     | Noticed a six-headed hydra
  8924 | D:12     | Killed an unseen horror
  8925 | D:12     | Reached ****** piety under Makhleb
  8925 | D:12     | HP: 1/84 [vampire mosquito (5)]
  8925 | D:12     | Slain by a vampire mosquito

Skill      XL: |  1  2  3  4  5  6  7  8  9 10 11 |
---------------+----------------------------------+-----
Spellcasting   | 2 |  2.1
Necromancy     | 5 6 7 |  7.0
Fighting       | 1 |  1.0
Axes           | 2 5 8 11 14 16 | 16.1
Evocations     | 2 9 |  9.2
Armour         | 1 4 |  4.0
Dodging        | 7 |  7.0
Stealth        | |  2.4

Action                   |  1- 3 |  4- 6 |  7- 9 | 10-12 || total
-------------------------+-------+-------+-------+-------++-------
Melee: Unarmed           |    91 |    10 |       |       ||   101
       Whip              |       |    17 |       |       ||    17
       Hand axe          |       |   188 |   157 |       ||   345
       Trident           |       |       |    21 |       ||    21
       War axe           |       |       |   143 |   400 ||   543
Throw: Javelin           |       |    21 |       |       ||    21
 Cast: Pain              |    54 |    30 |     4 |     7 ||    95
       Animate Skeleton  |     5 |     5 |    12 |     7 ||    29
       Vampiric Draining |     4 |    30 |    72 |    47 ||   153
       Control Undead    |       |       |     1 |       ||     1
       Animate Dead      |       |       |       |     8 ||     8
 Abil: Heal Wounds       |       |       |     1 |       ||     1
Evoke: Staff of Olgreb   |       |       |       |    12 ||    12
       Wand              |       |       |       |     1 ||     1
  Use: Scroll            |     2 |       |     2 |     1 ||     5
       Potion            |     1 |       |       |     3 ||     4
 Stab: Distracted        |       |     1 |     2 |     1 ||     4
       Sleeping          |       |       |     4 |     1 ||     5
       Betrayed ally     |       |       |     1 |       ||     1
       Confused          |       |       |       |     1 ||     1
  Eat: Chunk             |     2 |    10 |    30 |    22 ||    64
       Fruit             |       |       |     1 |       ||     1
       Meat ration       |       |       |     1 |     1 ||     2
Armor: Robe              |    11 |       |       |       ||    11
       Leather armour    |     6 |    60 |    79 |    29 ||   174
       Skin              |    17 |    10 |       |       ||    27
       Ring mail         |       |       |       |   107 ||   107
Dodge: Dodged            |    82 |   143 |   188 |   281 ||   694
Block: Other             |    16 |    34 |    26 |       ||    76
       Reflection        |     2 |       |     2 |       ||     4
